cohdb
Replays
Latest Replays
All Replays
Popular Replays
Top Player Replays
Match Explorer
How It Works
Community
CoH3 Stats
Reddit
Sign in to upload your games and track your stats! →
Sign in with Steam
Match 30449465
Unlisted
Match 30449465
Overview
Messages
Build Orders
End
Construct Barracks
Riflemen Squad
Riflemen Squad
M1 Mortar Team
Riflemen Squad
Grenade Package
M1 Mortar Team
Infantry Support Center
Selects Advanced Infantry Battlegroup
Selects Convert to Ranger Squad
Selects Frontline Medical Station
Frontline Medical Station
Convert to Ranger Squad
Construct Motor Pool
Convert to Ranger Squad
M1 Anti-tank Gun Team
Selects Ranger Weapon Training
Selects Ammunition Storage
Construct Weapon Support Center
Advanced Logistics
Frontline Medical Station
抖音雨哲QAQ
イオリの足を舐めたい
OUT
fj6862
THE one-冰封夕阳
HulkSMASH
singroam
飞云
0
0
Comments
sign in to comment!
No comments posted yet!